 Dungeon Crawl Stone Soup version 0.26-a0-651-gb41185065b (webtiles) character file.

Game seed: 12512833667245397383

9744 Flugslaktarn the Cleaver (level 11, -1/108 HPs)
             Began as a Deep Dwarf Fighter on Oct 9, 2020.
             Was a Follower of Makhleb.
             Splashed by an acid dragon's acid (12 damage)
             ... on level 12 of the Dungeon.
             The game lasted 00:04:53 (6221 turns).

Flugslaktarn the Cleaver (Deep Dwarf Fighter)       Turns: 6221, Time: 00:04:53

Health: -1/108     AC:  9    Str: 19    XL:     11   Next: 27%
Magic:  3/3        EV:  6    Int: 10    God:    Makhleb [*.....]
Gold:   620        SH: 11    Dex: 15    Spells: 10/10 levels left

rFire    . . .     SeeInvis .   a - +1 war axe
rCold    + . .     Faith    .   e - +0 kite shield
rNeg     . . .     Spirit   .   z - +0 plate armour
rPois    .         Reflect  .   (no helmet)
rElec    .         Harm     .   k - +0 cloak
rCorr    .         Rampage  .   i - +1 pair of gloves
MR       +....                  (no boots)
Stlth    ..........             (no amulet)
HPRegen  0.00/turn              c - ring of protection from cold
MPRegen  0.08/turn              (no ring)

@: corroded, non-regenerating
A: damage resistance, heal wounds, sense surroundings 2, no regeneration
a: Heal Wounds, Renounce Religion


You were on level 12 of the Dungeon.
You worshipped Makhleb.
Makhleb was aware of your devotion.
You visited 2 branches of the dungeon, and saw 13 of its levels.

You collected 620 gold pieces.

Inventory:

Hand Weapons
 a - a +1 war axe (weapon)
Missiles
 m - 3 throwing nets (quivered)
Armour
 e - a +0 kite shield (worn)
 i - a +1 pair of gloves (worn)
   (You found it on level 4 of the Dungeon)
 k - a +0 cloak (worn)
   (You found it on level 6 of the Dungeon)
 z - a +0 plate armour (worn)
   (You took it off an orc warrior on level 8 of the Dungeon)
Jewellery
 c - a ring of protection from cold (left hand)
   (You found it on level 7 of the Dungeon)
 p - a +6 ring of dexterity {unknown}
   (You found it on level 9 of the Dungeon)
Wands
 s - a wand of iceblast (8)
   (You found it on level 11 of the Dungeon)
 u - a wand of enslavement (9)
   (You found it on level 10 of the Dungeon)
Scrolls
 b - a scroll of fog
 f - a scroll of enchant weapon
 l - a scroll of magic mapping
 o - 2 scrolls of fear
 r - a scroll of identify
 x - 4 scrolls of remove curse
Potions
 d - a potion of might
 g - a potion of ambrosia
 h - a potion of magic
 j - 2 potions of berserk rage {unknown}
 n - a potion of flight
 q - 3 potions of curing
 t - a potion of invisibility
 v - a potion of cancellation
 w - a potion of lignification


   Skills:
 * Level 9.6 Fighting
 * Level 11.1 Axes
 + Level 8.3 Armour
 + Level 3.1 Dodging
 - Level 7.6 Shields
 + Level 4.3 Invocations
 + Level 2.8 Evocations


You had 10 spell levels left.
You didn't know any spells.
Your spell library was empty.

Dungeon Overview and Level Annotations

Branches:
Dungeon (12/15)            Temple (1/1) D:6            Lair (0/6) D:9
    Orc (0/2) D:11

Altars:
Ashenzari
Cheibriados
Dithmenos
Elyvilon
Fedhas
Gozag
Kikubaaqudgha
Makhleb
Nemelex Xobeh
Qazlal
Ru
Sif Muna
Trog
Uskayaw
Vehumet
Wu Jian
Xom
Yredelemnul
Zin
The Shining One

Shops:
D:12 !

Annotations:
D:4 3 runed translucent doors, Tenar's ghost, amateur DsEE


Innate Abilities, Weirdness & Mutations

You are resistant to damage.
You can heal yourself by infusing magical energy.
You passively map the area around you.
You do not regenerate.


Message History

The mass of ice explodes!
The iceblast engulfs the acid dragon!
The acid dragon is almost dead.
The iceblast engulfs the basilisk!
The basilisk is heavily wounded.
The iceblast engulfs you. You partially resist.
The acid dragon spits acid at you. The splash of acid hits you!
The acid corrodes you!
You are splashed with acid!
* * * LOW HITPOINT WARNING * * *
Evoke which item? (* to show all) (? for menu, Esc to quit)
Press: ? - help, Shift-Dir - straight line, p - acid dragon That beam is likely to hit you.
Continue anyway?
The mass of ice explodes!
The iceblast engulfs the acid dragon.
The acid dragon is almost dead.
The iceblast engulfs the basilisk!
The basilisk is almost dead.
The iceblast engulfs you! You partially resist.
* * * LOW HITPOINT WARNING * * *
The acid dragon spits acid at you. The splash of acid hits you.
You are splashed with acid!
You die...

, , ......#**** *
,,, .....# , *
*#...# * #...# *
#.SZ# ##.# *
#.OY# #..# *
###l# #..# *
#D###..#
#@#....##### *,
#.#.#......## ,
#.#.........## *
* #.....(......#
, #............#
, #.#...)†..<..#
* * *
.###............#
,,,,
................#
*
,##...........##


You could see a basilisk, an acid dragon (catching breath), an ice beast, an
ogre, an adder and a wyvern zombie.

Vanquished Creatures
  A two-headed ogre (D:8)
  An ugly thing (D:11)
  2 centaur zombies (D:12)
  Joseph (D:7)
  A gargoyle (D:10)
  2 trolls
  Prince Ribbit (D:7)
  4 slime creatures (D:12)
  5 yaks (D:11)
  Grum (D:9)
  Menkaure (D:7)
  2 water moccasins
  An orc warrior (D:8)
  A black bear (D:9)
  4 ice beasts
  2 phantoms
  An eye of draining (D:10)
  2 wolves (D:9)
  4 centaurs
  3 ogres
  A big kobold (D:10)
  8 bullfrogs
  A wyvern skeleton (D:11)
  3 scorpions
  16 killer bees
  3 wights (D:12)
  2 howler monkeys
  A bullfrog zombie (D:5)
  A quasit (D:9)
  A jelly (D:9)
  12 hounds
  4 orc priests
  2 centaur skeletons
  14 orc wizards
  6 iguanas
  Ijyb (D:5)
  9 worker ants
  A worker ant zombie (D:9)
  2 howler monkey zombies
  3 gnolls (D:6)
  7 adders
  4 shadow imps
  A white imp (D:8)
  2 ufetubi
  An ooze (D:6)
  An adder skeleton (D:5)
  A dart slug (D:5)
  5 leopard geckos
  33 orcs
  2 ball pythons
  3 giant cockroaches
  A hobgoblin (D:3)
  13 jackals
  2 kobolds (D:10)
  7 quokkas
  A frilled lizard (D:2)
  A quokka skeleton (D:7)
  A quokka zombie (D:5)
  A rat (D:1)
218 creatures vanquished.

Notes
Turn   | Place    | Note
-------+----------+-------------------------------------------
     0 | D:1      | Flugslaktarn the Deep Dwarf Fighter began the quest for the
                  | Orb.
     0 | D:1      | Reached XP level 1. HP: 20/20 MP: 1/1
   153 | D:3      | Noticed an orc priest
   162 | D:3      | Killed an orc priest
   162 | D:3      | Reached XP level 2. HP: 11/28 MP: 2/2
   162 | D:3      | Reached XP level 3. HP: 13/34 MP: 3/3
   162 | D:3      | Reached skill level 3 in Axes
   178 | D:4      | Found a shimmering altar of Xom.
   205 | D:4      | Reached XP level 4. HP: 35/42 MP: 4/4
   258 | D:4      | Reached XP level 5. HP: 33/50 MP: 5/5
   296 | D:4      | Found a runed translucent gate.
   296 | D:4      | Found a runed translucent gate.
   296 | D:4      | Found a runed translucent gate.
   323 | D:4      | Found the +3 warlock's mirror {reflect}
   333 | D:4      | Reached skill level 4 in Axes
   370 | D:4      | Noticed a phantom
   413 | D:4      | Killed a phantom
   413 | D:4      | Reached XP level 6. HP: 34/57 MP: 6/6
   473 | D:5      | Entered Level 5 of the Dungeon
   727 | D:4      | Noticed Tenar's ghost (amateur DsEE)
   801 | D:5      | Reached skill level 5 in Axes
   832 | D:5      | Noticed an ice beast
   847 | D:5      | Killed an ice beast
   847 | D:5      | Reached XP level 7. HP: 45/66 MP: 6/6
   895 | D:5      | Reached skill level 5 in Fighting
   916 | D:5      | Noticed Ijyb
   926 | D:5      | Killed Ijyb
  1253 | D:5      | Reached skill level 5 in Shields
  1321 | D:6      | Reached skill level 5 in Armour
  1406 | D:6      | Reached skill level 6 in Axes
  1469 | D:6      | Reached XP level 8. HP: 38/76 MP: 6/6
  1644 | D:6      | Found a staircase to the Ecumenical Temple.
  2319 | Temple   | Entered the Ecumenical Temple
  2651 | D:7      | Reached skill level 7 in Axes
  2753 | D:7      | Noticed Prince Ribbit
  2781 | D:7      | Killed Prince Ribbit
  2940 | D:7      | Found a broken altar of Ashenzari.
  3151 | D:7      | Noticed Menkaure
  3156 | D:7      | Killed Menkaure
  3156 | D:7      | Gained mutation: You passively map the area around you.
                  | [Deep Dwarf growth]
  3156 | D:7      | Reached XP level 9. HP: 49/85 MP: 7/7
  3374 | D:7      | Noticed Joseph
  3402 | D:7      | Killed Joseph
  3402 | D:7      | Reached skill level 8 in Axes
  3923 | D:8      | Noticed a two-headed ogre
  3941 | D:8      | Killed a two-headed ogre
  3941 | D:8      | Reached skill level 9 in Axes
  4015 | D:8      | Found a sparkling altar of Nemelex Xobeh.
  4040 | D:8      | Found a stormy altar of Qazlal.
  4251 | D:9      | Found a staircase to the Lair.
  4314 | D:9      | Reached XP level 10. HP: 60/96 MP: 7/7
  4331 | D:9      | Noticed Grum
  4343 | D:9      | Killed Grum
  4374 | D:9      | Found a burning altar of Makhleb.
  4458 | D:9      | Became a worshipper of Makhleb the Destroyer
  4504 | D:9      | Found a basalt altar of Yredelemnul.
  4568 | D:9      | Reached skill level 1 in Invocations
  4651 | D:9      | Reached skill level 10 in Axes
  5063 | D:9      | Found a white marble altar of Elyvilon.
  5110 | D:10     | Entered Level 10 of the Dungeon
  5185 | D:10     | Noticed a gargoyle
  5233 | D:10     | Killed a gargoyle
  5233 | D:10     | Reached skill level 1 in Dodging
  5470 | D:10     | Identified the Collected Works on Orientation and Clay
  5752 | D:11     | Noticed a red ugly thing
  5791 | D:11     | Killed a cyan ugly thing
  5838 | D:11     | Reached skill level 1 in Evocations
  5888 | D:11     | Reached * piety under Makhleb
  5933 | D:11     | Noticed an eight-headed hydra
  5953 | D:11     | Noticed a six-headed hydra
  6032 | D:11     | Reached XP level 11. HP: 42/106 MP: 2/2
  6078 | D:12     | Found Myrhykhla's Distillery.
  6125 | D:12     | Reached skill level 11 in Axes
  6221 | D:12     | Splashed by an acid dragon's acid

Illustrated notes

Levels and vault maps discovered:
D:1:      dpeg_arrival_central, layout_basic
D:2:      layout_basic
D:3:      layout_rooms, chequers_temple_overflow_statue_of_worship,
          kennysheep_generic_room_13
D:4:      layout_cave_pools, nicolae_overflow_crystal_walls,
          ebering_ghost_rock_garden
D:5:      layout_basic, uniq_ijyb
D:6:      layout_basic, minmay_temple_entry_from_below_a
D:7:      layout_layer_cave, lemuel_doored_altar, uniq_menkaure, uniq_joseph,
          uniq_prince_ribbit1
D:8:      layout_basic, amethyst_overflow_temple_binary,
          minmay_misc_feat_secret_circle, minmay_misc_feat_cross
D:9:      layout_small_grid, kennysheep_ying_yang, makhleb_heckhound_becter,
          lair_entry_dummy, uniq_grum
D:10:     layout_roguey
D:11:     layout_loops_ring, orc_0_dummy, grunt_qazlal_clouds
D:12:     layout_rooms, serial_shops, nicolae_shop_waterfront,
          chequers_serial_rivers_small_a
Temple:   nicolae_temple_figure_eight

Skill      XL: |  1  2  3  4  5  6  7  8  9 10 11 |
---------------+----------------------------------+-----
Fighting       | 3 4 5 6 8 9 |  9.6
Axes           | 3 4 5 6 7 9 10 11 | 11.1
Shields        | 4 5 6 7 |  7.6
Armour         | 4 5 6 7 8 |  8.3
Invocations    | 3 4 |  4.3
Dodging        | 2 3 |  3.1
Evocations     | 1 2 |  2.8

Action                   |  1- 3 |  4- 6 |  7- 9 | 10-12 || total
-------------------------+-------+-------+-------+-------++-------
Melee: War axe           |    42 |   150 |   402 |   396 ||   990
 Abil: Heal Wounds       |     1 |     6 |    19 |    29 ||    55
Evoke: Wand              |       |       |       |     2 ||     2
  Use: Potion            |       |     1 |     6 |     1 ||     8
       Scroll            |       |       |    12 |     2 ||    14
 Stab: Distracted        |       |       |     1 |       ||     1
       Invisible         |       |       |       |     4 ||     4
Armor: Scale mail        |    27 |    71 |   114 |       ||   212
       Skin              |       |       |    23 |       ||    23
       Plate armour      |       |       |    61 |   321 ||   382
Dodge: Dodged            |    19 |    37 |    96 |   100 ||   252
Block: Kite shield       |    29 |    78 |   206 |   264 ||   577

Table legend: (Time is in decaauts)
 A = Elapsed time spent in this place.
 B = Non-inter-level travel time spent in this place.
 C = Inter-level travel time spent in this place.
 D = Time resting spent in this place.
 E = Time spent auto-exploring this place.
 F = Levels seen in this place.
 G = Mean time per level.
                   A        B        C        D        E       F      G
               +--------+--------+--------+--------+--------+-----+--------+
         Total |   6392 |   5997 |    395 |    134 |   4107 |  13 |  491.7 |
       Dungeon |   6192 |   5808 |    384 |    134 |   3920 |  12 |  516.0 |
        Temple |    199 |    188 |     11 |      0 |    187 |   1 |  199.0 |
               +--------+--------+--------+--------+--------+-----+--------+

Top non-repeatable levels by time:
     D:7: 1151 daAuts
     D:6: 1043 daAuts
     D:9: 888 daAuts
    D:10: 681 daAuts
     D:8: 608 daAuts
     D:4: 597 daAuts
     D:5: 596 daAuts
    D:11: 242 daAuts
  Temple: 199 daAuts
    D:12: 194 daAuts
     D:1: 122 daAuts
     D:3: 57 daAuts
     D:2: 8 daAuts
